 Dungeon Crawl Stone Soup version 0.20.1-1-g8b1a95d (webtiles) character file.

36 Hen the Ducker (level 3, -1/35 HPs)
             Began as a Troll Warper on July 12, 2017.
             Slain by an adder (5 damage)
             ... on level 2 of the Dungeon.
             The game lasted 00:08:52 (158 turns).

Hen the Ducker (Troll Warper)                        Turns: 158, Time: 00:08:52

Health: -1/35      AC:  5    Str: 19    XL:     3   Next: 19%
Magic:  3/3        EV: 10    Int: 10    God:
Gold:   16         SH:  0    Dex:  9    Spells: 4/4 levels left

rFire    . . .     SeeInvis .   h - +0 short sword
rCold    . . .     Gourm    +   (no shield)
rNeg     . . .     Faith    .   a - +0 robe
rPois    .         Spirit   .   (helmet restricted)
rElec    .         Reflect  .   (no cloak)
rCorr    .         Harm     .   (gloves unavailable)
MR       .....                  (boots unavailable)
Stlth    +.........             (no amulet)
Regen    0.6/turn               (no ring)
MPRegen  0.1/turn               (no ring)

@: lethally poisoned (-1 -> -2)
A: unfitting armour, claws 3, fast metabolism 3, gourmand, regeneration 1,
shaggy fur 1, tough skin 2
a: no special abilities


You were on level 2 of the Dungeon.
You were not hungry.

You visited 1 branch of the dungeon, and saw 2 of its levels.

You collected 16 gold pieces.

Inventory:

Hand Weapons
 h - a +0 short sword (weapon)
 i - a +0 club
Missiles
 d - 3 tomahawks of dispersal (quivered)
 k - 5 stones
Armour
 a - a +0 robe (worn)
 e - a +0 ring mail
 j - a +0 helmet
Scrolls
 c - a scroll of blinking
Books
 b - a book of Spatial Translocations

   Spells                             Type                      Level
   a - Blink                          Translocation                2
   b - Shroud of Golubria             Charms/Translocation         2
   c - Lesser Beckoning               Translocation                3
   d - Gell's Gravitas                Translocation                3
   e - Teleport Other                 Translocation                3
   f - Passage of Golubria            Translocation                4
Comestibles
 f - 3 bread rations
 g - a fruit


   Skills:
 + Level 2.1 Fighting
 + Level 0.1 Short Blades
 + Level 1.1 Throwing
 + Level 2.6 Dodging
 + Level 2.0 Unarmed Combat
 + Level 1.2 Spellcasting
   Level 2.1 Translocations


You had 4 spell levels left.
You didn't know any spells.

Dungeon Overview and Level Annotations

Branches:
Dungeon (2/15)

Altars:


Innate Abilities, Weirdness & Mutations

You are too large for most types of armour.
You have claws for hands.
Your metabolism is lightning-fast.
You like to eat raw meat.
Your natural rate of healing is unusually fast.
You are covered in fur. (AC +1)
You have very tough skin. (AC +2)


Message History

The dart slug bites you but does no damage.
The adder bites you.
* * * LOW HITPOINT WARNING * * *
You puncture the dart slug!
You kill the dart slug!
The adder bites you.
* * * LOW HITPOINT WARNING * * *
You barely miss the adder. The adder bites you.
* * * LOW HITPOINT WARNING * * *
The adder bites you.
* * * LOW HITPOINT WARNING * * *
You miss the adder.
You feel sick. The adder closely misses you.
You closely miss the adder. The adder bites you but does no damage.
You hit the adder.
The adder is heavily wounded.
The adder bites you but does no damage. x2
You closely miss the adder.
The adder is heavily wounded.
The adder bites you.
You die...

#..##..###.# $........#.#
#.......#.# ##
#..#......# #. #.#_#.#
#.# <###.. #..#..# #.# #
......##.....# #.####.##.
.#.!...#S...####.........
.....(..@...<.........##.
##....>###..####†######
##...# #...###.## ##..
.....##...# ##
#........#.......
........#. .#.####
###.##.#### ##.# #. #. #


You could see an adder.

Vanquished Creatures
  Jessica (D:2)
  A dart slug (D:2)
  A giant cockroach (D:1)
  2 hobgoblins
  2 kobolds
  A frilled lizard (D:1)
  A rat (D:1)
9 creatures vanquished.

Notes
Turn   | Place    | Note
-------+----------+-------------------------------------------
     0 | D:1      | Hen the Troll Warper began the quest for the Orb.
     0 | D:1      | Reached XP level 1. HP: 19/19 MP: 1/1
    92 | D:2      | Found a faded altar of an unknown god.
   137 | D:2      | Noticed Jessica
   150 | D:2      | Killed Jessica
   150 | D:2      | Reached skill level 1 in Throwing
   150 | D:2      | Reached XP level 2. HP: 7/28 MP: 2/2
   150 | D:2      | Reached XP level 3. HP: 9/35 MP: 3/3
   158 | D:2      | Slain by an adder

Skill      XL: |  1 |
---------------+----+-----
Dodging        | 2 |  2.6
Fighting       | 2 |  2.1
Throwing       | 1 |  1.1
Short Blades   | |  0.1
Unarmed Combat | |  2.0
Spellcasting   | |  1.2
Translocations | |  2.1

Action                   || total
-------------------------++-------
Melee: Short sword       ||    46
       Unarmed           ||     5
       Punch             ||     1
Throw: Tomahawk          ||     2
Armor: Robe              ||    30
Dodge: Dodged            ||    34
